 Dungeon Crawl Stone Soup version 0.29.1-15-g9cfb28693d (webtiles) character file.

Game seed: 10991685960686524712

2835 BuddhaDhamma the Severer (level 9, 0/70 HPs)
             Began as a Minotaur Berserker on Mar 21, 2023.
             Was a High Priest of Trog.
             Slain by Erica
             ... wielding a +0 scimitar of flaming
              (2 damage)
             ... on level 8 of the Dungeon.
             The game lasted 00:13:26 (7063 turns).

BuddhaDhamma the Severer (Minotaur Berserker)       Turns: 7063, Time: 00:13:27

Health: 0/70       AC: 14    Str: 27    XL:     9   Next: 45%
Magic:  0/17       EV: 11    Int:  6    God:    Trog [*****.]
Gold:   229        SH:  0    Dex: 13    Spells: 8/8 levels left

rFire   + . .      SeeInvis .   v - +0 war axe
rCold   . . .      Faith    .   (no shield)
rNeg    . . .      Spirit   +   x - +5 ring mail of the Wumpus {rF+ Int+2 Dex+4}
rPois   .          Reflect  .   l - +1 hat
rElec   .          Harm     .   d - +1 cloak
rCorr   .          Rampage  .   (no gloves)
Will    .....                   t - +0 pair of boots
Stlth   +.........              j - amulet of guardian spirit
HPRegen 0.21/turn               s - ring of magical power
MPRegen 0.15/turn               (no ring)

@: on berserk cooldown, slowed, very slow
A: horns 2, retaliatory headbutt
a: Renounce Religion, Berserk, Trog's Hand, Brothers in Arms


You were on level 8 of the Dungeon.
You worshipped Trog.
Trog was extremely pleased with you.
You visited 1 branch of the dungeon, and saw 8 of its levels.
You also visited: Sewer.

You collected 229 gold pieces.

Inventory:

Hand Weapons
 v - a +0 war axe (weapon)
Missiles
 h - 16 poisoned darts (quivered)
 o - a throwing net
Armour
 d - a +1 cloak (worn)
 l - a +1 hat (worn)
 t - a +0 pair of boots (worn)
 x - the +5 ring mail of the Wumpus (worn) {rF+ Int+2 Dex+4}
   (You found it on level 5 of the Dungeon)

   Int:       It affects your intelligence (+2).
   Dex:       It affects your dexterity (+4).
   rF:        It protects you from fire.
Jewellery
 j - an amulet of guardian spirit (around neck)
 r - a ring of protection from cold
 s - a ring of magical power (left hand)
Wands
 a - a wand of acid (8)
 c - a wand of mindburst (18)
Scrolls
 n - a scroll of butterflies
 p - 2 scrolls of teleportation
Potions
 b - 4 potions of might
 e - 2 potions of haste
 f - 5 potions of curing
 g - 3 potions of flight
 i - a potion of attraction {unknown}
 k - a potion of heal wounds
 m - a potion of brilliance {unknown}


   Skills:
 - Level 3.6 Fighting
 + Level 15.6 Axes
 - Level 2.4 Armour
 - Level 2.1 Dodging


You had 8 spell levels left.
You didn't know any spells.
Your spell library was empty.

Dungeon Overview and Level Annotations

Branches:
Dungeon (8/15)             Temple (0/1) D:7            Lair (0/5) D:8
  Sewer (visited)

Altars:
Ashenzari
Qazlal
Ru
Uskayaw
Vehumet
Wu Jian
Xom

Shops:
D:1 *

Annotations:
D:8 Erica


Innate Abilities, Weirdness & Mutations

You have a pair of horns on your head.
You reflexively headbutt those who attack you in melee.


Message History

Trog accepts your kill.
You slash something! You barely miss the orc. You closely miss something.
Your punch misses something. You slash the orc!
You kill the orc!
Trog accepts your kill. Something hits you!
You closely miss something. Your headbutt misses something.
You barely miss something.
You hear some strange, mumbled words.
You are confused.
You barely miss something. Something hits you but does no damage.
Items here: )) ††.
You're too confused to move!
You feel a strong urge to attack something.
You bump into the rock wall.
You are no longer berserk.
You are exhausted.
You feel yourself slow down. Something hits you! Something burns you.
You hear some strange, mumbled words.
A lance of force appears from out of thin air!
The lance of force misses you. Something hits you!
You feel less confused. Something hits you!
There is a stone staircase leading up, spattered with blood here.
Something hits you. Something hits you! Something burns you.
Something completely misses you.
There is a stone staircase leading up, spattered with blood here.
You slash something! Your headbutt misses something.
You hear some strange, mumbled words.
A lance of force appears from out of thin air!
The lance of force hits you!!
* * * LOW HITPOINT WARNING * * *
You are knocked back by the lance of force.
You slam into the rock wall!
You hear some strange, mumbled words.
Something tries to affect you, but you resist.
You see here a +0 hand axe.
You miss something. Something hits you.
You die...

... ## ######...
.........#. . ...
.....# .##.##.#..#
.....#.#..#
##....#..#####.
..#...............
..[.....@.........
.#.....{.........
.....>..))######..
........)## .
##.......#
.........#
...#....##
.....##.# .....
#.#


There were no monsters in sight!

Vanquished Creatures
  A wyvern (D:6)
  2 sky beasts (D:7)
  2 ice beasts
  An ogre (D:6)
  3 black bears
  A centaur (D:7)
  A phantom (D:6)
  A kobold brigand (Sewer)
  Blork the orc (D:4)
  3 bullfrogs
  A gnoll sergeant (D:6)
  A necrophage (D:6)
  2 scorpions
  A jelly (D:5)
  8 orc priests
  A gnoll bouda (D:7)
  7 hounds
  Ijyb (D:3)
  Natasha (twice) (D:4)
  3 iguanas
  5 orc wizards
  Robin (D:3)
  17 gnolls
  7 adders
  2 river rats
  A shadow imp (D:7)
  2 white imps
  A worm (D:3)
  3 dart slugs
  27 orcs
  8 ball pythons
  8 endoplasms
  5 giant cockroaches
  22 goblins
  9 hobgoblins
  8 jackals
  13 kobolds
  7 quokkas
  6 bats
  3 frilled lizards
  8 rats
206 creatures vanquished.

Vanquished Creatures (others)
  3 fungi (D:2)
  3 plants (D:2)
6 creatures vanquished.

Grand Total: 212 creatures vanquished

Notes
Turn   | Place    | Note
-------+----------+-------------------------------------------
     0 | D:1      | BuddhaDhamma the Minotaur Berserker began the quest for the
                  | Orb.
     0 | D:1      | Reached XP level 1. HP: 19/19 MP: 0/0
    77 | D:1      | Reached skill level 4 in Axes
   105 | D:1      | Reached XP level 2. HP: 26/26 MP: 1/1
   280 | D:1      | Reached skill level 5 in Axes
   404 | D:1      | Reached XP level 3. HP: 31/31 MP: 2/2
   417 | D:1      | Found Kotse's General Store.
   809 | D:2      | Reached XP level 4. HP: 26/39 MP: 3/3
   997 | D:2      | Reached skill level 6 in Axes
  1265 | D:2      | Reached ** piety under Trog
  1370 | D:2      | Found a hide-covered altar of Uskayaw.
  1409 | D:2      | Found a faded altar of an unknown god.
  1874 | D:3      | Reached XP level 5. HP: 41/45 MP: 2/4
  1940 | D:3      | Reached skill level 7 in Axes
  1979 | D:3      | Identified the +6 flail "Zuimagoibb" {spect, Fragile rC+
                  | rN+ Dex+4}
  2401 | D:3      | Noticed Ijyb
  2417 | D:3      | Killed Ijyb
  2607 | D:3      | Reached skill level 8 in Axes
  2706 | D:3      | Reached *** piety under Trog
  2722 | D:3      | Noticed Robin
  2730 | D:3      | Reached XP level 6. HP: 51/51 MP: 5/5
  2734 | D:3      | Killed Robin
  2937 | D:3      | Found a hide-covered altar of Uskayaw.
  3170 | D:4      | Found a glowing drain.
  3181 | Sewer    | Entered a sewer
  3560 | Sewer    | Found a white marble altar of Elyvilon.
  3613 | D:4      | Reached skill level 9 in Axes
  3858 | D:4      | Noticed Natasha
  3864 | D:4      | Killed Natasha
  3865 | D:4      | Reached XP level 7. HP: 57/57 MP: 6/6
  4028 | D:4      | Reached **** piety under Trog
  4054 | D:4      | Reached skill level 10 in Axes
  4107 | D:4      | Noticed Blork the orc
  4115 | D:4      | Killed Blork the orc
  4183 | D:4      | Noticed Natasha
  4194 | D:4      | Killed Natasha
  4574 | D:5      | Entered Level 5 of the Dungeon
  4752 | D:5      | Reached skill level 11 in Axes
  4783 | D:5      | Reached XP level 8. HP: 54/64 MP: 7/7
  4849 | D:5      | Identified the +5 ring mail of the Wumpus {rF+ Int+2 Dex+4}
  4904 | D:5      | Found a radiant altar of Vehumet.
  5111 | D:5      | Reached skill level 12 in Axes
  5475 | D:6      | Reached skill level 13 in Axes
  5702 | D:6      | Reached skill level 14 in Axes
  6009 | D:6      | Found a shimmering altar of Xom.
  6014 | D:6      | Found an ornate altar of the Wu Jian Council.
  6017 | D:6      | Found a sacrificial altar of Ru.
  6067 | D:7      | Reached XP level 9. HP: 70/70 MP: 8/8
  6569 | D:7      | Reached ***** piety under Trog
  6628 | D:7      | Found a large runed translucent door.
  6629 | D:7      | Found a large runed translucent door.
  6663 | D:7      | Reached skill level 15 in Axes
  6791 | D:7      | Found a staircase to the Ecumenical Temple.
  6873 | D:7      | Found a stormy altar of Qazlal.
  6891 | D:7      | Found a broken altar of Ashenzari.
  6929 | D:8      | Found a staircase to the Lair.
  6933 | D:8      | Noticed Erica
  7061 | D:8      | HP: 1/70 [something/lance of force (22)]
  7063 | D:8      | Slain by Erica

Illustrated notes

Levels and vault maps discovered:
D:1:      nicolae_arrival_memento_mori, layout_loops_ring, serial_shops, shop
D:2:      layout_basic, dreamdust_ecumenical_altar_grove, basic_altar
D:3:      kennysheep_goblin_castle, layout_basic, nicolae_uskayaw_suspiria,
          uniq_robin
D:4:      minmay_diamond_boxcup, layout_rooms, cheibrodos_sewer_entry_sluice,
          chequers_ossuary_entry_cave, uniq_blork_the_orc, uniq_natasha
D:5:      layout_gridville, nicolae_vehumet_altar_sigil
D:6:      layout_basic, minmay_overflow_temple_star_quad
D:7:      layout_basic, jmf_multi_god_temple2, minmay_temple_entry_wispy
D:8:      layout_loops_cross, nicolae_overflow_hidden_temple, fedhas_altar_4,
          lair_entry_dummy, kennysheep_generic_room_12, uniq_joseph, uniq_erica

Skill      XL: |  1  2  3  4  5  6  7  8  9 |
---------------+----------------------------+-----
Axes           | 4 5 6 8 9 11 14 15 | 15.6
Fighting       | |  3.6
Armour         | |  2.4
Dodging        | |  2.1

Action                   |  1- 3 |  4- 6 |  7- 9 || total
-------------------------+-------+-------+-------++-------
Melee: Hand axe          |    46 |   102 |       ||   148
       Headbutt          |     9 |    16 |    41 ||    66
       War axe           |       |    65 |   233 ||   298
       Punch             |       |       |     1 ||     1
Throw: Dart              |       |    16 |       ||    16
Invok: Berserk           |     1 |     5 |     5 ||    11
  Use: Scroll            |       |     9 |     4 ||    13
Armor: Leather armour    |    14 |    11 |       ||    25
       Animal skin       |     1 |       |       ||     1
       Scale mail        |       |    98 |    39 ||   137
       Ring mail         |       |       |    78 ||    78
Dodge: Dodged            |    34 |   104 |   117 ||   255
